Workbook

Sheet ANEXO 1 - COTIZACION
A1: ANEXO 1
C2: ANALISIS DE COTIZACIONES
C3: PRESTAR EL SERVICIO DE SUSCRIPCIÓN PARA LA REALIZACIÓN DE PRUEBAS DE EFICIENCIA INTERLABORATORIALES O DE APTITUD PARA SER APLICADAS A PERITOS DE LOS GRUPOS DE QUÍMICA, EVIDENCIA TRAZA, BALÍSTICA, GRAFOLOGÍA, GENÉTICA Y LOFOSCOPIA DE LA DIRECCIÓN DEL CUERPO TÉCNICO DE INVESTIGACIÓN -CTI DE LA FISCALÍA GENERAL DE LA NACIÓN.
F4: COTIZACION 1 | H4: COTIZACION 2 | J4: VALOR COTIZACIÓN HÁBIL MÁS BAJA | K4: PROMEDIO | L4: VALOR COTIZACIÓN HÁBIL MÁS ALTA | M4: PORCENTAJE DIFERENCIAL (BAJA/PROMEDIO) | N4: MEDIA ARITMETICA BAJA | P4: ANALISIS DE COTIZACIONES
A5: ITEM | B5: DESCRIPCIÓN | C5: UNIDAD DE MEDIDA | D5: CANTIDAD | F5: VALOR UNITARIO | H5: VALOR UNITARIO | J5: VALOR UNITARIO SIN IVA | K5: VALOR UNITARIO SIN IVA | L5: VALOR UNITARIO SIN IVA | M5: 40% > / < | N5: VALOR UNITARIO SIN IVA | P5: VALOR UNITARIO | Q5: VALOR TOTAL
A6: 1 | B6: 5041 SYNTHETIC DRUG ANALYSIS - 2024 | C6: Unidad | D6: 8 | F6: 3128000 | H6: 4636667 | J6: =ROUND(MIN(F6,H6),0) -> 3128000 | K6: =ROUND(AVERAGE(F6,H6),0) -> 3882334 | L6: =+MAX(F6,H6) -> 4636667 | M6: =+(L6/J6)-1 -> 0.48231042 | N6: =+ROUND(AVERAGE(J6,K6),0) -> 3505167 | P6: =+J6 -> 3128000 | Q6: =+P6*D6 -> 25024000
A7: 2 | B7: GSR-QUODATA 2024-IDENTIFICATION OF GSR BY SEM/EDX | C7: Unidad | D7: 1 | F7: 8030000 | H7: 7087500 | J7: =ROUND(MIN(F7,H7),0) -> 7087500 | K7: =ROUND(AVERAGE(F7,H7),0) -> 7558750 | L7: =+MAX(F7,H7) -> 8030000 | M7: =+(L7/J7)-1 -> 0.1329806 | N7: =+ROUND(AVERAGE(J7,K7),0) -> 7323125 | P7: =+N7 -> 7323125 | Q7: =+P7*D7 -> 7323125
A8: 3 | B8: 5262-24 FIREARM EXAMINATION | C8: Unidad | D8: 8 | F8: 1632000 | H8: 2210000 | J8: =ROUND(MIN(F8,H8),0) -> 1632000 | K8: =ROUND(AVERAGE(F8,H8),0) -> 1921000 | L8: =+MAX(F8,H8) -> 2210000 | M8: =+(L8/J8)-1 -> 0.35416667 | N8: =+ROUND(AVERAGE(J8,K8),0) -> 1776500 | P8: =+N8 -> 1776500 | Q8: =+P8*D8 -> 14212000
A9: 4 | B9: 5241-24 HANDWRITING EXAMINATION | C9: Unidad | D9: 12 | F9: 2570000 | H9: 3423334 | J9: =ROUND(MIN(F9,H9),0) -> 2570000 | K9: =ROUND(AVERAGE(F9,H9),0) -> 2996667 | L9: =+MAX(F9,H9) -> 3423334 | M9: =+(L9/J9)-1 -> 0.33203658 | N9: =+ROUND(AVERAGE(J9,K9),0) -> 2783334 | P9: =+N9 -> 2783334 | Q9: =+P9*D9 -> 33400008
A10: 5 | B10: 5871-24 DNA PARENTAGE | C10: Unidad | D10: 2 | F10: 2902000 | H10: 3856667 | J10: =ROUND(MIN(F10,H10),0) -> 2902000 | K10: =ROUND(AVERAGE(F10,H10),0) -> 3379334 | L10: =+MAX(F10,H10) -> 3856667 | M10: =+(L10/J10)-1 -> 0.32896864 | N10: =+ROUND(AVERAGE(J10,K10),0) -> 3140667 | P10: =+N10 -> 3140667 | Q10: =+P10*D10 -> 6281334
A11: 6 | B11: 5843-24 DNA DATABASE SALIVA | C11: Unidad | D11: 2 | F11: 1798000 | H11: 2426667 | J11: =ROUND(MIN(F11,H11),0) -> 1798000 | K11: =ROUND(AVERAGE(F11,H11),0) -> 2112334 | L11: =+MAX(F11,H11) -> 2426667 | M11: =+(L11/J11)-1 -> 0.34964794 | N11: =+ROUND(AVERAGE(J11,K11),0) -> 1955167 | P11: =+N11 -> 1955167 | Q11: =+P11*D11 -> 3910334
A12: 7 | B12: 5845-24 DNA DATABASE SALIVA | C12: Unidad | D12: 2 | F12: 1798000 | H12: 2426667 | J12: =ROUND(MIN(F12,H12),0) -> 1798000 | K12: =ROUND(AVERAGE(F12,H12),0) -> 2112334 | L12: =+MAX(F12,H12) -> 2426667 | M12: =+(L12/J12)-1 -> 0.34964794 | N12: =+ROUND(AVERAGE(J12,K12),0) -> 1955167 | P12: =+N12 -> 1955167 | Q12: =+P12*D12 -> 3910334
A13: 8 | B13: 5804-24 DNA SEMEN | C13: Unidad | D13: 1 | F13: 1562000 | H13: 2123334 | J13: =ROUND(MIN(F13,H13),0) -> 1562000 | K13: =ROUND(AVERAGE(F13,H13),0) -> 1842667 | L13: =+MAX(F13,H13) -> 2123334 | M13: =+(L13/J13)-1 -> 0.35936876 | N13: =+ROUND(AVERAGE(J13,K13),0) -> 1702334 | P13: =+N13 -> 1702334 | Q13: =+P13*D13 -> 1702334
A14: 9 | B14: 5705-24 FORENSIC BIOLOGY | C14: Unidad | D14: 1 | F14: 1562000 | H14: 2123334 | J14: =ROUND(MIN(F14,H14),0) -> 1562000 | K14: =ROUND(AVERAGE(F14,H14),0) -> 1842667 | L14: =+MAX(F14,H14) -> 2123334 | M14: =+(L14/J14)-1 -> 0.35936876 | N14: =+ROUND(AVERAGE(J14,K14),0) -> 1702334 | P14: =+N14 -> 1702334 | Q14: =+P14*D14 -> 1702334
A15: 10 | B15: 5171-24 LATENT PRINT EXAMINATION | C15: Unidad | D15: 2 | F15: 2866000 | H15: 3726667 | J15: =ROUND(MIN(F15,H15),0) -> 2866000 | K15: =ROUND(AVERAGE(F15,H15),0) -> 3296334 | L15: =+MAX(F15,H15) -> 3726667 | M15: =+(L15/J15)-1 -> 0.30030251 | N15: =+ROUND(AVERAGE(J15,K15),0) -> 3081167 | P15: =+N15 -> 3081167 | Q15: =+P15*D15 -> 6162334
A16: TOTAL | J16: =SUM(J6:J15) -> 26905500 | L16: =SUM(L6:L15) -> 34983337 | N16: =SUM(N6:N15) -> 28924962 | Q16: =SUM(Q6:Q15) -> 103628137
B18: NOTAS:
B19: 1) Se realizó el estudio con 2 cotizaciones las cuales cumplen con lo solicitado por la entidad
B20: 2) Para establecer el valor del mercado se utiliza la formula media aritmética baja
B21: 3) Para establecer el valor del mercado en el ítem 1, no se tiene en cuenta la cotización 2 por ser valores atípicos al mercado
B22: 4) En el presente análisis se aplicó el procedimiento de aproximación generalmente aceptado por las reglas matemáticas denominado redondeo, que consiste en acercar los valores decimales al número entero más aproximado (a la baja, cuando el numero decimal sea menor a 5 o a la alta cuando el numero decimal sea igual o mayor a 5).
B23: Fecha de elaboración: 05/02/2024
B24: Estudio del Sector: No: 48

Sheet ANEXO 2 - COSTO HISTORICO
A1: ANEXO 2
C2: ANALISIS DE COSTOS HISTORICOS
C3: PRESTAR EL SERVICIO DE SUSCRIPCIÓN PARA LA REALIZACIÓN DE PRUEBAS DE EFICIENCIA INTERLABORATORIALES O DE APTITUD PARA SER APLICADAS A PERITOS DE LOS GRUPOS DE QUÍMICA, EVIDENCIA TRAZA, BALÍSTICA, GRAFOLOGÍA, GENÉTICA Y LOFOSCOPIA DE LA DIRECCIÓN DEL CUERPO TÉCNICO DE INVESTIGACIÓN -CTI DE LA FISCALÍA GENERAL DE LA NACIÓN.
F4: FGN-NC-MC-0004-2023 | H4: 44986 | I4: 45261 | K4: ANALISIS DE COSTOS HISTORICOS
A5: ITEM | B5: DESCRIPCIÓN | C5: UNIDAD DE MEDIDA | D5: CANTIDAD | F5: VALOR UNITARIO | H5: 1.3177 | I5: 1.3772 | K5: VALOR UNITARIO | L5: VALOR TOTAL
A6: 1 | B6: 5041 SYNTHETIC DRUG ANALYSIS - 2024 | C6: Unidad | D6: 8 | F6: 2720000 | H6: =ROUND($I$5/$H$5*F6,0) -> 2842820 | K6: =+ROUND(H6,0) -> 2842820 | L6: =+K6*D6 -> 22742560
A7: 2 | B7: GSR-QUODATA 2024-IDENTIFICATION OF GSR BY SEM/EDX | C7: Unidad | D7: 1 | F7: 6981720 | H7: =ROUND($I$5/$H$5*F7,0) -> 7296976 | K7: =+ROUND(H7,0) -> 7296976 | L7: =+K7*D7 -> 7296976
A8: 3 | B8: 5262-24 FIREARM EXAMINATION | C8: Unidad | D8: 8 | F8: 1419100 | H8: =ROUND($I$5/$H$5*F8,0) -> 1483179 | K8: =+ROUND(H8,0) -> 1483179 | L8: =+K8*D8 -> 11865432
A9: 4 | B9: 5241-24 HANDWRITING EXAMINATION | C9: Unidad | D9: 12 | F9: 2233800 | H9: =ROUND($I$5/$H$5*F9,0) -> 2334666 | K9: =+ROUND(H9,0) -> 2334666 | L9: =+K9*D9 -> 28015992
A10: 5 | B10: 5871-24 DNA PARENTAGE | C10: Unidad | D10: 2 | F10: 2522880 | H10: =ROUND($I$5/$H$5*F10,0) -> 2636799 | K10: =+ROUND(H10,0) -> 2636799 | L10: =+K10*D10 -> 5273598
A11: 6 | B11: 5843-24 DNA DATABASE SALIVA | C11: Unidad | D11: 2 | F11: 1563660 | H11: =ROUND($I$5/$H$5*F11,0) -> 1634266 | K11: =+ROUND(H11,0) -> 1634266 | L11: =+K11*D11 -> 3268532
A12: 7 | B12: 5845-24 DNA DATABASE SALIVA | C12: Unidad | D12: 2 | F12: 1563660 | H12: =ROUND($I$5/$H$5*F12,0) -> 1634266 | K12: =+ROUND(H12,0) -> 1634266 | L12: =+K12*D12 -> 3268532
A13: 8 | B13: 5804-24 DNA SEMEN | C13: Unidad | D13: 1 | F13: 1357800 | H13: =ROUND($I$5/$H$5*F13,0) -> 1419111 | K13: =+ROUND(H13,0) -> 1419111 | L13: =+K13*D13 -> 1419111
A14: 9 | B14: 5705-24 FORENSIC BIOLOGY | C14: Unidad | D14: 1
A15: 10 | B15: 5171-24 LATENT PRINT EXAMINATION | C15: Unidad | D15: 2 | F15: 2492200 | H15: =ROUND($I$5/$H$5*F15,0) -> 2604734 | K15: =+ROUND(H15,0) -> 2604734 | L15: =+K15*D15 -> 5209468
A16: TOTAL | L16: =SUM(L6:L15) -> 88360201
B18: NOTAS:
B19: 1) El índice refleja la evolución promedio de los precios de todos los artículos/insumos es decir, se refiere a un promedio tomado sobre la base de todos los productos ofrecidos en el mercado.
B20: 2) Para traer a valor presente los precios unitarios, se toma el índice de serie del mes vigente dividido por el índice de serie del mes y año en que fue efectuada la compra. Este resultado se multiplica por el precio de la misma.
B21: 3) En el presente análisis se aplicó el procedimiento de aproximación generalmente aceptado por las reglas matemáticas denominado redondeo, que consiste en acercar los valores decimales al número entero más aproximado (a la baja, cuando el numero decimal sea menor a 5 o a la alta cuando el numero decimal sea igual o mayor a 5).
B22: Fecha de elaboración: 05/02/2024
B23: Estudio del Sector: No: 48

Sheet ANEXO 3 - PROY COSTOS
A1: ANEXO 3
C2: PROYECCION DE COSTOS 2024
C3: PRESTAR EL SERVICIO DE SUSCRIPCIÓN PARA LA REALIZACIÓN DE PRUEBAS DE EFICIENCIA INTERLABORATORIALES O DE APTITUD PARA SER APLICADAS A PERITOS DE LOS GRUPOS DE QUÍMICA, EVIDENCIA TRAZA, BALÍSTICA, GRAFOLOGÍA, GENÉTICA Y LOFOSCOPIA DE LA DIRECCIÓN DEL CUERPO TÉCNICO DE INVESTIGACIÓN -CTI DE LA FISCALÍA GENERAL DE LA NACIÓN.
A4: NECESIDAD | F4: ANALISIS DE COTIZACIONES | H4: ANALISIS DE COSTOS HISTORICOS | J4: PROYECCION DE COSTOS 2024
A5: ITEM | B5: =+'ANEXO 2 - COSTO HISTORICO'!B5 -> DESCRIPCIÓN | C5: =+'ANEXO 2 - COSTO HISTORICO'!C5 -> UNIDAD DE MEDIDA | D5: =+'ANEXO 2 - COSTO HISTORICO'!D5 -> CANTIDAD | F5: VALOR UNITARIO | H5: VALOR UNITARIO | J5: VALOR UNITARIO | K5: VALOR TOTAL
A6: 1 | B6: =+'ANEXO 2 - COSTO HISTORICO'!B6 -> 5041 SYNTHETIC DRUG ANALYSIS - 2024 | C6: =+'ANEXO 2 - COSTO HISTORICO'!C6 -> Unidad | D6: =+'ANEXO 2 - COSTO HISTORICO'!D6 -> 8 | F6: =+'ANEXO 1 - COTIZACION'!P6 -> 3128000 | H6: =+'ANEXO 2 - COSTO HISTORICO'!K6 -> 2842820 | J6: =ROUND(AVERAGE(F6,H6),0) -> 2985410 | K6: =+J6*D6 -> 23883280
A7: 2 | B7: =+'ANEXO 2 - COSTO HISTORICO'!B7 -> GSR-QUODATA 2024-IDENTIFICATION OF GSR BY SEM/EDX | C7: =+'ANEXO 2 - COSTO HISTORICO'!C7 -> Unidad | D7: =+'ANEXO 2 - COSTO HISTORICO'!D7 -> 1 | F7: =+'ANEXO 1 - COTIZACION'!P7 -> 7323125 | H7: =+'ANEXO 2 - COSTO HISTORICO'!K7 -> 7296976 | J7: =ROUND(AVERAGE(F7,H7),0) -> 7310051 | K7: =+J7*D7 -> 7310051
A8: 3 | B8: =+'ANEXO 2 - COSTO HISTORICO'!B8 -> 5262-24 FIREARM EXAMINATION | C8: =+'ANEXO 2 - COSTO HISTORICO'!C8 -> Unidad | D8: =+'ANEXO 2 - COSTO HISTORICO'!D8 -> 8 | F8: =+'ANEXO 1 - COTIZACION'!P8 -> 1776500 | H8: =+'ANEXO 2 - COSTO HISTORICO'!K8 -> 1483179 | J8: =ROUND(AVERAGE(F8,H8),0) -> 1629840 | K8: =+J8*D8 -> 13038720
A9: 4 | B9: =+'ANEXO 2 - COSTO HISTORICO'!B9 -> 5241-24 HANDWRITING EXAMINATION | C9: =+'ANEXO 2 - COSTO HISTORICO'!C9 -> Unidad | D9: =+'ANEXO 2 - COSTO HISTORICO'!D9 -> 12 | F9: =+'ANEXO 1 - COTIZACION'!P9 -> 2783334 | H9: =+'ANEXO 2 - COSTO HISTORICO'!K9 -> 2334666 | J9: =ROUND(AVERAGE(F9,H9),0) -> 2559000 | K9: =+J9*D9 -> 30708000
A10: 5 | B10: =+'ANEXO 2 - COSTO HISTORICO'!B10 -> 5871-24 DNA PARENTAGE | C10: =+'ANEXO 2 - COSTO HISTORICO'!C10 -> Unidad | D10: =+'ANEXO 2 - COSTO HISTORICO'!D10 -> 2 | F10: =+'ANEXO 1 - COTIZACION'!P10 -> 3140667 | H10: =+'ANEXO 2 - COSTO HISTORICO'!K10 -> 2636799 | J10: =ROUND(AVERAGE(F10,H10),0) -> 2888733 | K10: =+J10*D10 -> 5777466
A11: 6 | B11: =+'ANEXO 2 - COSTO HISTORICO'!B11 -> 5843-24 DNA DATABASE SALIVA | C11: =+'ANEXO 2 - COSTO HISTORICO'!C11 -> Unidad | D11: =+'ANEXO 2 - COSTO HISTORICO'!D11 -> 2 | F11: =+'ANEXO 1 - COTIZACION'!P11 -> 1955167 | H11: =+'ANEXO 2 - COSTO HISTORICO'!K11 -> 1634266 | J11: =ROUND(AVERAGE(F11,H11),0) -> 1794717 | K11: =+J11*D11 -> 3589434
A12: 7 | B12: =+'ANEXO 2 - COSTO HISTORICO'!B12 -> 5845-24 DNA DATABASE SALIVA | C12: =+'ANEXO 2 - COSTO HISTORICO'!C12 -> Unidad | D12: =+'ANEXO 2 - COSTO HISTORICO'!D12 -> 2 | F12: =+'ANEXO 1 - COTIZACION'!P12 -> 1955167 | H12: =+'ANEXO 2 - COSTO HISTORICO'!K12 -> 1634266 | J12: =ROUND(AVERAGE(F12,H12),0) -> 1794717 | K12: =+J12*D12 -> 3589434
A13: 8 | B13: =+'ANEXO 2 - COSTO HISTORICO'!B13 -> 5804-24 DNA SEMEN | C13: =+'ANEXO 2 - COSTO HISTORICO'!C13 -> Unidad | D13: =+'ANEXO 2 - COSTO HISTORICO'!D13 -> 1 | F13: =+'ANEXO 1 - COTIZACION'!P13 -> 1702334 | H13: =+'ANEXO 2 - COSTO HISTORICO'!K13 -> 1419111 | J13: =ROUND(AVERAGE(F13,H13),0) -> 1560723 | K13: =+J13*D13 -> 1560723
A14: 9 | B14: =+'ANEXO 2 - COSTO HISTORICO'!B14 -> 5705-24 FORENSIC BIOLOGY | C14: =+'ANEXO 2 - COSTO HISTORICO'!C14 -> Unidad | D14: =+'ANEXO 2 - COSTO HISTORICO'!D14 -> 1 | F14: =+'ANEXO 1 - COTIZACION'!P14 -> 1702334 | J14: =+F14 -> 1702334 | K14: =+J14*D14 -> 1702334
A15: 10 | B15: =+'ANEXO 2 - COSTO HISTORICO'!B15 -> 5171-24 LATENT PRINT EXAMINATION | C15: =+'ANEXO 2 - COSTO HISTORICO'!C15 -> Unidad | D15: =+'ANEXO 2 - COSTO HISTORICO'!D15 -> 2 | F15: =+'ANEXO 1 - COTIZACION'!P15 -> 3081167 | H15: =+'ANEXO 2 - COSTO HISTORICO'!K15 -> 2604734 | J15: =ROUND(AVERAGE(F15,H15),0) -> 2842951 | K15: =+J15*D15 -> 5685902
A16: TOTAL | K16: =SUM(K6:K15) -> 96845344
B18: NOTAS:
B19: 1) Para establecer los valores (ítem x ítem) del mercado, se utilizo la formula promedio entre análisis de cotizaciones y análisis de costos históricos.
B20: 2) Para establecer los valores para el ítem 9, se tomo el valor del análisis de cotizaciones.
B21: 3) En el presente análisis se aplicó el procedimiento de aproximación generalmente aceptado por las reglas matemáticas denominado redondeo, que consiste en acercar los valores decimales al número entero más aproximado (a la baja, cuando el numero decimal sea menor a 5 o a la alta cuando el numero decimal sea igual o mayor a 5).
B22: Fecha de elaboración: 05/02/2024
B23: Estudio del Sector: No: 48

Sheet ANEXO 4 -EST SECTOR
A1: ANEXO 4
C2: ESTUDIO DEL SECTOR
C3: PRESTAR EL SERVICIO DE SUSCRIPCIÓN PARA LA REALIZACIÓN DE PRUEBAS DE EFICIENCIA INTERLABORATORIALES O DE APTITUD PARA SER APLICADAS A PERITOS DE LOS GRUPOS DE QUÍMICA, EVIDENCIA TRAZA, BALÍSTICA, GRAFOLOGÍA, GENÉTICA Y LOFOSCOPIA DE LA DIRECCIÓN DEL CUERPO TÉCNICO DE INVESTIGACIÓN -CTI DE LA FISCALÍA GENERAL DE LA NACIÓN.
A4: NECESIDAD | F4: ESTUDIO DEL SECTOR
A5: ITEM | B5: =+'ANEXO 2 - COSTO HISTORICO'!B5 -> DESCRIPCIÓN | C5: =+'ANEXO 2 - COSTO HISTORICO'!C5 -> UNIDAD DE MEDIDA | D5: =+'ANEXO 2 - COSTO HISTORICO'!D5 -> CANTIDAD | F5: VALOR UNITARIO | G5: VALOR TOTAL
A6: 1 | B6: =+'ANEXO 2 - COSTO HISTORICO'!B6 -> 5041 SYNTHETIC DRUG ANALYSIS - 2024 | C6: =+'ANEXO 2 - COSTO HISTORICO'!C6 -> Unidad | D6: =+'ANEXO 2 - COSTO HISTORICO'!D6 -> 8 | F6: =+'ANEXO 3 - PROY COSTOS'!J6 -> 2985410 | G6: =+F6*D6 -> 23883280
A7: 2 | B7: =+'ANEXO 2 - COSTO HISTORICO'!B7 -> GSR-QUODATA 2024-IDENTIFICATION OF GSR BY SEM/EDX | C7: =+'ANEXO 2 - COSTO HISTORICO'!C7 -> Unidad | D7: =+'ANEXO 2 - COSTO HISTORICO'!D7 -> 1 | F7: =+'ANEXO 3 - PROY COSTOS'!J7 -> 7310051 | G7: =+F7*D7 -> 7310051
A8: 3 | B8: =+'ANEXO 2 - COSTO HISTORICO'!B8 -> 5262-24 FIREARM EXAMINATION | C8: =+'ANEXO 2 - COSTO HISTORICO'!C8 -> Unidad | D8: =+'ANEXO 2 - COSTO HISTORICO'!D8 -> 8 | F8: =+'ANEXO 3 - PROY COSTOS'!J8 -> 1629840 | G8: =+F8*D8 -> 13038720
A9: 4 | B9: =+'ANEXO 2 - COSTO HISTORICO'!B9 -> 5241-24 HANDWRITING EXAMINATION | C9: =+'ANEXO 2 - COSTO HISTORICO'!C9 -> Unidad | D9: =+'ANEXO 2 - COSTO HISTORICO'!D9 -> 12 | F9: =+'ANEXO 3 - PROY COSTOS'!J9 -> 2559000 | G9: =+F9*D9 -> 30708000
A10: 5 | B10: =+'ANEXO 2 - COSTO HISTORICO'!B10 -> 5871-24 DNA PARENTAGE | C10: =+'ANEXO 2 - COSTO HISTORICO'!C10 -> Unidad | D10: =+'ANEXO 2 - COSTO HISTORICO'!D10 -> 2 | F10: =+'ANEXO 3 - PROY COSTOS'!J10 -> 2888733 | G10: =+F10*D10 -> 5777466
A11: 6 | B11: =+'ANEXO 2 - COSTO HISTORICO'!B11 -> 5843-24 DNA DATABASE SALIVA | C11: =+'ANEXO 2 - COSTO HISTORICO'!C11 -> Unidad | D11: =+'ANEXO 2 - COSTO HISTORICO'!D11 -> 2 | F11: =+'ANEXO 3 - PROY COSTOS'!J11 -> 1794717 | G11: =+F11*D11 -> 3589434
A12: 7 | B12: =+'ANEXO 2 - COSTO HISTORICO'!B12 -> 5845-24 DNA DATABASE SALIVA | C12: =+'ANEXO 2 - COSTO HISTORICO'!C12 -> Unidad | D12: =+'ANEXO 2 - COSTO HISTORICO'!D12 -> 2 | F12: =+'ANEXO 3 - PROY COSTOS'!J12 -> 1794717 | G12: =+F12*D12 -> 3589434
A13: 8 | B13: =+'ANEXO 2 - COSTO HISTORICO'!B13 -> 5804-24 DNA SEMEN | C13: =+'ANEXO 2 - COSTO HISTORICO'!C13 -> Unidad | D13: =+'ANEXO 2 - COSTO HISTORICO'!D13 -> 1 | F13: =+'ANEXO 3 - PROY COSTOS'!J13 -> 1560723 | G13: =+F13*D13 -> 1560723
A14: 9 | B14: =+'ANEXO 2 - COSTO HISTORICO'!B14 -> 5705-24 FORENSIC BIOLOGY | C14: =+'ANEXO 2 - COSTO HISTORICO'!C14 -> Unidad | D14: =+'ANEXO 2 - COSTO HISTORICO'!D14 -> 1 | F14: =+'ANEXO 3 - PROY COSTOS'!J14 -> 1702334 | G14: =+F14*D14 -> 1702334
A15: 10 | B15: =+'ANEXO 2 - COSTO HISTORICO'!B15 -> 5171-24 LATENT PRINT EXAMINATION | C15: =+'ANEXO 2 - COSTO HISTORICO'!C15 -> Unidad | D15: =+'ANEXO 2 - COSTO HISTORICO'!D15 -> 2 | F15: =+'ANEXO 3 - PROY COSTOS'!J15 -> 2842951 | G15: =+F15*D15 -> 5685902
A16: TOTAL | G16: =SUM(G6:G15) -> 96845344
B18: NOTAS:
B19: 1) Para establecer los valores (ítem x ítem) del mercado, se utilizo la formula promedio entre análisis de cotizaciones y análisis de costos históricos.
B20: 2) Para establecer los valores para el ítem 9, se tomo el valor del análisis de cotizaciones.
B21: 3) En el presente análisis se aplicó el procedimiento de aproximación generalmente aceptado por las reglas matemáticas denominado redondeo, que consiste en acercar los valores decimales al número entero más aproximado (a la baja, cuando el numero decimal sea menor a 5 o a la alta cuando el numero decimal sea igual o mayor a 5).
B22: Fecha de elaboración: 05/02/2024
B23: Estudio del Sector: No: 48

Sheet OFERTA LISTA DE REPUESTOS
C1: LISTA DE REPUESTOS
B3: ITEM | C3: NECESIDAD | G3: PRECIO LISTA DE REPUESTOS | K3: VALORES LISTA DE REPUESTOS CONTRATO 2021
E4: CANTIDAD | G4: VALOR UNITARIO SIN IVA | H4: IVA | I4: VALOR UNITARIO IVA INCLUIDO | K4: VALOR UNITARIO SIN IVA | L4: IVA | M4: VALOR UNITARIO IVA INCLUIDO
B6: 1 | C6: FILTROS PLISADO KLC 65% 20X16X2 | D6: UN | E6: 1 | G6: 0 | H6: =+ROUND(G6*0.19,0) -> 0 | I6: =+G6+H6 -> 0 | K6: 250000 | L6: =+ROUND(K6*0.19,0) -> 47500 | M6: =+K6+L6 -> 297500
B7: 2 | C7: COMPRESOR 24000 BTU 1PH 200V R22 | D7: UN | E7: 1 | G7: 0 | H7: =+ROUND(G7*0.19,0) -> 0 | I7: =+G7+H7 -> 0 | K7: 1800000 | L7: =+ROUND(K7*0.19,0) -> 342000 | M7: =+K7+L7 -> 2142000
B8: 3 | C8: REFRIGERANTE R22 | D8: KG | E8: 1 | G8: 0 | H8: =+ROUND(G8*0.19,0) -> 0 | I8: =+G8+H8 -> 0 | K8: 75000 | L8: =+ROUND(K8*0.19,0) -> 14250 | M8: =+K8+L8 -> 89250
B9: 4 | C9: CAPACITADOR 45 UF 370V | D9: UN | E9: 1 | G9: 0 | H9: =+ROUND(G9*0.19,0) -> 0 | I9: =+G9+H9 -> 0 | K9: 80000 | L9: =+ROUND(K9*0.19,0) -> 15200 | M9: =+K9+L9 -> 95200
B10: 5 | C10: CONTACTOR 30 AMP 24V | D10: UN | E10: 1 | G10: 0 | H10: =+ROUND(G10*0.19,0) -> 0 | I10: =+G10+H10 -> 0 | K10: 250000 | L10: =+ROUND(K10*0.19,0) -> 47500 | M10: =+K10+L10 -> 297500
B11: 6 | C11: CONTACTOR 35 AMP 24V | D11: UN | E11: 1 | G11: 0 | H11: =+ROUND(G11*0.19,0) -> 0 | I11: =+G11+H11 -> 0 | K11: 300000 | L11: =+ROUND(K11*0.19,0) -> 57000 | M11: =+K11+L11 -> 357000
B12: 7 | C12: CONTACTOR 40 AMP 24V | D12: UN | E12: 1 | G12: 0 | H12: =+ROUND(G12*0.19,0) -> 0 | I12: =+G12+H12 -> 0 | K12: 350000 | L12: =+ROUND(K12*0.19,0) -> 66500 | M12: =+K12+L12 -> 416500
B13: 8 | C13: CORREA B38 BL | D13: UN | E13: 1 | G13: 0 | H13: =+ROUND(G13*0.19,0) -> 0 | I13: =+G13+H13 -> 0 | K13: 45000 | L13: =+ROUND(K13*0.19,0) -> 8550 | M13: =+K13+L13 -> 53550
B14: 9 | C14: CORREA A32 BL | D14: UN | E14: 1 | G14: 0 | H14: =+ROUND(G14*0.19,0) -> 0 | I14: =+G14+H14 -> 0 | K14: 40000 | L14: =+ROUND(K14*0.19,0) -> 7600 | M14: =+K14+L14 -> 47600
B15: 10 | C15: CORREA A27 | D15: UN | E15: 1 | G15: 0 | H15: =+ROUND(G15*0.19,0) -> 0 | I15: =+G15+H15 -> 0 | K15: 40000 | L15: =+ROUND(K15*0.19,0) -> 7600 | M15: =+K15+L15 -> 47600
B16: 11 | C16: CILINDRO REFRIGERANTE R410 A | D16: UN | E16: 1 | G16: 0 | H16: =+ROUND(G16*0.19,0) -> 0 | I16: =+G16+H16 -> 0 | K16: 850000 | L16: =+ROUND(K16*0.19,0) -> 161500 | M16: =+K16+L16 -> 1011500
B17: 12 | C17: CAPACITOR 15 MF | D17: UN | E17: 1 | G17: 0 | H17: =+ROUND(G17*0.19,0) -> 0 | I17: =+G17+H17 -> 0 | K17: 75000 | L17: =+ROUND(K17*0.19,0) -> 14250 | M17: =+K17+L17 -> 89250
... B27: 22 | C27: CORREA A-31 | D27: UN | E27: 1 | G27: 0 | H27: =+ROUND(G27*0.19,0) -> 0 | I27: =+G27+H27 -> 0 | K27: 65000 | L27: =+ROUND(K27*0.19,0) -> 12350 | M27: =+K27+L27 -> 77350
I28: =SUM(I6:I27) -> 0
C30: Empresa
C31: NIT
C32: Representante
C33: TELEFONO:
C34: EMAIL:
C35: FECHA :
